 Seeded DCSS version 0.30.0-10-gfe55d96785 (webtiles) character file.

Game seed: 10090500252402427320 (custom seed)

236 GigaChad the Shield-Bearer (level 6, -1/48 HPs)
             Began as a Formicid Fighter on May 15, 2023.
             Was an Initiate of the Shining One.
             Slain by an iguana (4 damage)
             ... on level 5 of the Dungeon.
             The game lasted 00:05:18 (3169 turns).

GigaChad the Shield-Bearer (Formicid Fighter)       Turns: 3169, Time: 00:05:18

Health: -1/48      AC:  8    Str: 22    XL:     6   Next: 27%
Magic:  6/6        EV:  9    Int:  8    God:    the Shining One [......]
Gold:   1374       SH:  5    Dex: 15    Spells: 5/5 levels left

rFire   + . .        a - +0 war axe (heavy)
rCold   . . .        c - +0 buckler
rNeg    . . .        b - +0 scale mail
rPois   .            (helmet unavailable)
rElec   .            o - +0 cloak
rCorr   .            (no gloves)
SInv    +            (no boots)
Will    .....        l - amulet of Incredulity {Fly rF+ Regen+ Dex+2 Stlth+}
Stlth   +            (no ring)
HPRegen 1.08/turn    (no ring)
MPRegen 0.10/turn

%: no passive effects
@: flying, glowing
A: permanent stasis, dig shafts and tunnels, antennae 3, four strong arms
a: Dig, Shaft Self, Renounce Religion


You were on level 5 of the Dungeon.
You worshipped the Shining One.
The Shining One was noncommittal.
You visited 2 branches of the dungeon, and saw 6 of its levels.

You collected 1374 gold pieces.

Inventory:

Hand Weapons
 a - a +0 heavy war axe (weapon)
 n - a +3 quarterstaff of chaos
Armour
 b - a +0 scale mail (worn)
 c - a +0 buckler (worn)
 o - a +0 cloak (worn)
Jewellery
 l - the amulet of Incredulity (around neck) {Fly rF+ Regen+ Dex+2 Stlth+}
   (You acquired it on level 2 of the Dungeon)

   [amulet of regeneration]

   Dex:       It affects your dexterity (+2).
   rF:        It protects you from fire.
   Fly:       It grants you flight.
   Regen:     It increases your rate of health regeneration.
   Stlth:     It makes you more stealthy.
Scrolls
 g - a scroll of fog
 h - 2 scrolls of identify
 j - 2 scrolls of teleportation
Potions
 d - 2 potions of might
 e - a potion of flight {unknown}
 f - 2 potions of brilliance
 i - 2 potions of haste {unknown}
 k - a potion of invisibility {unknown}
 m - a potion of heal wounds {unknown}
 p - 3 potions of curing
 s - a potion of mutation {unknown}


   Skills:
 * Level 4.1 Fighting
 * Level 4.4 Axes
 * Level 4.4 Armour
 * Level 4.9 Shields


You had 5 spell levels left.
You didn't know any spells.
Your spell library contained the following spells:

 Spells                   Type           Power      Damage    Failure   Level
 Ensorcelled Hibernation  Hex/Ice        0%         N/A       90%         2
 Spider Form              Tmut/Pois      0%         N/A       99%         3
 Anguish                  Hex/Necr       0%         N/A       100%        4


Dungeon Overview and Level Annotations

Branches:
Dungeon (5/15)             Temple (1/1) D:4

Altars:
Ashenzari
Dithmenos
Elyvilon
Fedhas
Hepliaklqana
Kikubaaqudgha
Nemelex Xobeh
Qazlal
Ru
Trog
Uskayaw
Vehumet
Wu Jian
Xom
Yredelemnul
Zin
The Shining One


Innate Abilities, Weirdness & Mutations

You cannot be hasted, slowed, berserked, paralysed or teleported.
You can dig through walls and to a lower floor.
You have a pair of large antennae on your head. (SInv)
Your four strong arms can wield two-handed weapons with a shield.


Message History

The gnoll is severely wounded.
You barely miss the iguana. You hit the gnoll but do no damage.
The gnoll bouda gazes fiercely through you!
You feel your attacks grow feeble. The iguana bites you!
The gnoll hits you but does no damage. The iguana bites you!
* * * LOW HITPOINT WARNING * * *
The gnoll hits you with a +0 whip.
* * * LOW HITPOINT WARNING * * *
You slice the gnoll bouda!!
You kill the gnoll bouda!
The Shining One accepts your kill.
You hit the gnoll. You slash the gnoll!
You kill the gnoll!
You closely miss the iguana.
The iguana bites you but does no damage.
You block the gnoll's attack. The iguana bites you.
* * * LOW HITPOINT WARNING * * *
The gnoll closely misses you. The iguana misses you.
The gnoll barely misses you.
Items here: ) / [ ††.
Unknown command.
You block the iguana's attack.
Unknown command.
The gnoll attacks as you move away! The gnoll hits you but does no damage.
The gnoll is no longer moving quickly.
Unknown command.
Unknown command.
Your attacks no longer feel as feeble.
The gnoll barely misses you. You block the iguana's attack.
Unknown command.
The iguana bites you!
* * * LOW HITPOINT WARNING * * *
Unknown command.
You barely miss the gnoll.
The gnoll is lightly wounded.
You hit the iguana but do no damage. The gnoll hits you with a +0 whip.
* * * LOW HITPOINT WARNING * * *
The iguana bites you.
You die...

#. #.#{ ##
#..#########.#
#............#
#...)......#
##<..)......#
#...........#
#.....lg..###
#......@..#
#.........#
#.######### #.
#. {


You could see an iguana and a gnoll.

Vanquished Creatures
  A jelly (D:3)
  Crazy Yiuf (D:2)
  A gnoll bouda (D:5)
  2 iguanas
  A gnoll (D:5)
  2 adders (D:3)
  2 worms (D:3)
  7 orcs
  3 ball pythons
  4 bats
  2 endoplasms (D:4)
  3 giant cockroaches
  6 goblins
  7 hobgoblins
  4 quokkas
  2 frilled lizards (D:1)
  6 kobolds
  4 rats
58 creatures vanquished.

Notes
Turn   | Place    | Note
-------+----------+-------------------------------------------
     0 | D:1      | GigaChad the Formicid Fighter began the quest for the Orb.
     0 | D:1      | Reached XP level 1. HP: 18/18 MP: 1/1
   306 | D:1      | Reached XP level 2. HP: 14/24 MP: 2/2
   443 | D:1      | Identified a scroll of acquirement
   443 | D:1      | Acquired 1210 gold pieces
   978 | D:2      | You fall into a shaft and drop 2 floors!
  1178 | D:2      | Reached XP level 3. HP: 27/29 MP: 3/3
  1190 | D:2      | Found a sparkling altar of Nemelex Xobeh.
  1382 | D:2      | Found a runed translucent door.
  1383 | D:2      | Noticed Crazy Yiuf
  1386 | D:2      | Acquired the amulet of Incredulity {Fly rF+ Regen+ Dex+2
                  | Stlth+}
  1399 | D:2      | Killed Crazy Yiuf
  1400 | D:2      | Reached XP level 4. HP: 24/37 MP: 4/4
  1874 | D:3      | Reached XP level 5. HP: 42/42 MP: 5/5
  2009 | D:3      | Found a basalt altar of Yredelemnul.
  2416 | D:4      | Identified the +5 ring mail "Dyhon" {rN+ Str+4 Dex-3}
  2438 | D:4      | Found a staircase to the Ecumenical Temple.
  2850 | Temple   | Entered the Ecumenical Temple
  3075 | Temple   | Became a worshipper of the Shining One
  3153 | D:5      | Entered Level 5 of the Dungeon
  3157 | D:5      | Reached XP level 6. HP: 38/48 MP: 6/6
  3167 | D:5      | HP: 1/48 [iguana (12)]
  3169 | D:5      | Slain by an iguana

Illustrated notes

Levels and vault maps discovered:
D:1:      nzn_arrival_settlement, layout_loops_corners, serial_bayou_ford_a,
          nicolae_kite_square_tiling_tiny
D:2:      layout_basic, basic_altar, uniq_crazy_yiuf_cottage
D:3:      layout_basic, mainiacjoe_overflow_brackets, minmay_hedge_maze
D:4:      layout_basic, temple_hall, chequers_ossuary_entry_cave
D:5:      layout_basic, mainiacjoe_overflow_paths, grunt_gozag_statues,
          serial_shops, shop, dreamdust_wishing_well, minmay_lizard_king,
          uniq_grinder, uniq_menkaure
Temple:   eino_temple_scatter_basement

Skill      XL: |  1  2  3  4  5 |
---------------+----------------+-----
Axes           | 3 4 |  4.4
Armour         | 4 |  4.4
Fighting       | 4 |  4.1
Shields        | |  4.9

Action                     |  1- 3 |  4- 6 || total
---------------------------+-------+-------++-------
  Melee: War axe           |    53 |    99 ||   152
    Use: Scroll            |     2 |     7 ||     9
 Armour: Scale mail        |    16 |    49 ||    65
  Dodge: Dodged            |    29 |    53 ||    82
  Block: Buckler           |    20 |    33 ||    53
